cohdb
Replays
Latest Replays
All Replays
Popular Replays
Top Player Replays
Match Explorer
How It Works
Community
CoH3 Stats
Reddit
Sign in to upload your games and track your stats! →
Sign in with Steam
Match 42338518
Unlisted
Match 42338518
Overview
Messages
Build Orders
End
Pioneer Squad
Construct Infanterie Kompanie
Grenadier Squad
MG 42 Machine Gun Team
GrW 34 Mortar Team
Selects Breakthrough Battlegroup
Selects Assault Grenadiers
Construct Luftwaffe Kompanie
Jäger Squad
Jäger Squad
Jäger Squad
Support Elements
Medical Station
Wirbelwind Flakpanzer
Nubbl0r
maneats2live
0
0
Comments
sign in to comment!
No comments posted yet!